[Event "Kezmarok Chess Open 2022"]
[Site "Kezmarok"]
[Date "2022.09.25"]
[Round "2.7"]
[White "Jablonicky, Martin"]
[Black "Ropovik, Samuel"]
[Result "1-0"]
[ECO "A45"]
[WhiteElo "2344"]
[BlackElo "1497"]
[Annotator "TA"]
[PlyCount "65"]
[EventDate "2022.09.24"]
[EventType "swiss"]
[EventCountry "SVK"]
[SourceTitle "playchess.com"]
[Source "ChessBase"]
[SourceQuality "1"]
[TimeControl "40/5400+30:1800+30"]

1. d4 Nf6 2. Bg5 e6 3. e4 h6 4. Bxf6 Qxf6 5. Nc3 Bb4 6. Nge2 d5 7. a3 Bxc3+ 8. Nxc3 Qd8 {[%emt 0:03:15] [#] C12: French: Classical System: McCutcheon Variation.} 9. Qd3 $146 ({Predecessor:} 9. Bd3 b6 10. O-O O-O 11. Qf3 Bb7 12. exd5 Bxd5 13. Nxd5 exd5 14. c4 c6 15. cxd5 Qxd5 16. Qxd5 cxd5 17. Rac1 Nd7 18. Rc7 Rfd8 19. Re1 Kf8 20. Bb5 Re8 21. Rxe8+ Rxe8 22. Rxd7 Re1+ 23. Bf1 {1-0 (23) Padurean,D (2011)-Homentcovschi,A (1396) Mamaia 2017}) 9... b6 10. O-O-O Ba6 {[%emt 0:06:38] White is slightly better.} 11. Qg3 O-O 12. Bxa6 Nxa6 13. Rhe1 c6 14. Re3 Re8 15. h4 Nc7 16. e5 Nb5 17. f4 a6 18. f5 (18. Ne2 $14) 18... exf5 $11 19. Qf4 ({White should try} 19. Ne2 $14) 19... Qd7 20. Ne2 c5 21. dxc5 $1 bxc5 22. c4 Nd4 ({Resist} 22... Nc7 23. cxd5 Rad8 24. d6 $16) (22... d4 $5 23. cxb5 Qxb5 $11) 23. Nxd4 cxd4 24. Rxd4 Rec8 25. Rc3 {[%emt 0:00:11] White is more active.} Rc5 $2 {[%emt 0:04:32] [#] This costs Black the game.} (25... Qa7 $1 $14) 26. b4 $18 Rc6 27. Kb2 Rac8 (27... Rg6 $142) 28. Rxd5 Qxd5 (28... Qe6 29. Rd6 Qe7) 29. cxd5 Rxc3 30. Qxf5 {[%emt 0:04:35] [#] d6 is the strong threat.} R3c4 31. d6 a5 32. d7 Rd8 33. e6 {[%emt 0:00:09] Weighted Error Value: White=0.15 (very precise) /Black=0.84} 1-0

[Event "Kezmarok Chess Open 2022"]
[Site "Kezmarok"]
[Date "2022.09.25"]
[Round "2.8"]
[White "Wisniewski, Michal"]
[Black "Rak, Martin"]
[Result "1-0"]
[ECO "A09"]
[WhiteElo "2152"]
[BlackElo "1805"]
[Annotator "TA"]
[PlyCount "64"]
[EventDate "2022.09.24"]
[EventType "swiss"]
[EventCountry "SVK"]
[SourceTitle "playchess.com"]
[Source "ChessBase"]
[SourceQuality "1"]
[TimeControl "40/5400+30:1800+30"]

1. Nf3 d5 2. c4 d4 3. b4 g5 4. Bb2 Bg7 5. e4 e5 6. d3 {A09: Réti Opening: 1 Nf3 d5 2 c4.} g4 {[#]} 7. Ng1 $146 ({Predecessor:} 7. Nfd2 Ne7 8. Nb3 Ng6 9. N1d2 h5 10. g3 h4 11. Qc2 hxg3 12. fxg3 b6 13. Be2 {0-1 (28) Sergienko,S (2320)-Jurcik,M (2488) Riga 2019}) 7... h5 8. Nd2 {Black is slightly better.} Na6 9. Ba3 Qe7 10. Rb1 c6 11. Qc1 Bh6 12. b5 Nc5 13. bxc6 b6 14. Qb2 Bxd2+ 15. Kxd2 Qg5+ (15... Qf6 16. Bxc5 bxc5 17. Qb5 $16) (15... Rh6 $1 $15) 16. Kc2 $14 {aiming for Bxc5.} Qf6 17. Bxc5 Qxf2+ $2 {[%mdl 8192] A mistake that costs the game.} (17... bxc5 $16 {is a better chance.} 18. c7 Qb6) 18. Ne2 $18 bxc5 19. c7 {And now Qb5+ would win.} f5 20. Qb5+ ({Less strong is} 20. Qb8 fxe4 21. dxe4 (21. Qxa8 exd3+ 22. Kd1 Ne7 $18) 21... Qe3 $18) 20... Kf7 {White must now prevent ...fxe4.} 21. Qc6 fxe4 22. Qxe4 (22. Qxa8 exd3+ 23. Kd1 (23. Kxd3 $2 Nf6 $19) 23... Nf6 $17) 22... Nf6 {Inhibits Qd5+.} 23. Qxa8 {Chess con chili.} Bf5 (23... Re8 $142 24. Rb3 e4 25. dxe4 Kg7) 24. Qxh8 {White threatens Rb7 and mate. White is clearly winning.} Bxd3+ 25. Kxd3 Qf5+ 26. Kd2 Qxb1 {[#]} 27. Qxf6+ $3 Kxf6 28. c8=Q e4 29. Qd8+ Kg6 {[#]} 30. Nxd4 $1 Qb4+ (30... cxd4 31. Qxd4) 31. Ke3 {Threatening mate with Qg8+.} cxd4+ 32. Qxd4 Qe1+ {Weighted Error Value: White=0.09 (flawless) /Black=0.45} 1-0

[Event "Kezmarok Chess Open 2022"]
[Site "Kezmarok"]
[Date "2022.09.25"]
[Round "2.9"]
[White "Smetana, Peter"]
[Black "Kovac, Lubomir"]
[Result "0-1"]
[ECO "C47"]
[WhiteElo "1715"]
[BlackElo "2091"]
[Annotator "NA RC"]
[PlyCount "94"]
[EventDate "2022.09.24"]
[EventType "swiss"]
[EventCountry "SVK"]
[SourceTitle "playchess.com"]
[Source "ChessBase"]
[SourceQuality "1"]
[TimeControl "40/5400+30:1800+30"]

1. e4 e5 2. Nf3 Nc6 3. Nc3 Nf6 4. d4 exd4 5. Nxd4 Bb4 6. Nxc6 bxc6 7. Bd3 d5 8. Bd2 O-O 9. O-O Re8 10. Nxd5 Nxd5 11. exd5 Bxd2 12. Qxd2 cxd5 13. Bb5 Re6 14. Rad1 c6 15. Bd3 Qc7 16. Rfe1 Rb8 17. c3 Rxe1+ 18. Rxe1 Be6 19. Qc2 h6 20. b3 c5 21. Bf5 Rb6 22. Bxe6 Rxe6 23. Rd1 Qe5 24. g3 d4 25. cxd4 cxd4 26. Qc8+ Kh7 27. Qd7 Rd6 28. Qxa7 Qd5 29. Qc7 d3 30. Qc3 f5 31. a4 Qf3 32. Qd2 Re6 33. Qxd3 Re1+ 34. Rxe1 Qxd3 35. Re3 Qd5 36. h4 Kg6 37. Kh2 Kh5 38. Kg1 g5 39. hxg5 hxg5 40. Kh2 f4 41. gxf4 gxf4 42. Rh3+ Kg4 43. f3+ Kg5 44. Kg2 Qxb3 45. Rh1 Qc2+ 46. Kh3 Qf2 47. a5 Qg3# 0-1

[Event "Kezmarok Chess Open 2022"]
[Site "Kezmarok"]
[Date "2022.09.25"]
[Round "2.11"]
[White "Sosovickova, Jana"]
[Black "Hagara, Eduard"]
[Result "1/2-1/2"]
[ECO "B08"]
[WhiteElo "2039"]
[BlackElo "1734"]
[Annotator "NA RC"]
[PlyCount "108"]
[EventDate "2022.09.24"]
[EventType "swiss"]
[EventCountry "SVK"]
[SourceTitle "playchess.com"]
[Source "ChessBase"]
[SourceQuality "1"]
[TimeControl "40/5400+30:1800+30"]

1. e4 d6 2. d4 Nf6 3. Nc3 g6 4. Nf3 Bg7 5. Be3 O-O 6. Qd2 Ng4 7. Bg5 c6 8. h3 Nf6 9. e5 dxe5 10. dxe5 Qxd2+ 11. Kxd2 Rd8+ 12. Bd3 Nd5 13. Nxd5 Rxd5 14. c4 Rd7 15. Rad1 Na6 16. Kc1 h6 17. Bh4 g5 18. Bg3 Nc5 19. Bc2 Rxd1+ 20. Rxd1 Be6 21. b3 Re8 22. Nd4 Bc8 23. Nf5 Ne6 24. Nxg7 Nxg7 25. Kb2 Nf5 26. Bh2 Nh4 27. g4 Kg7 28. Bg3 Ng6 29. Bf5 e6 30. Be4 Nf8 31. h4 Nd7 32. h5 Nc5 33. Bg2 Nd7 34. Kc3 Kf8 35. f4 Kg7 36. fxg5 hxg5 37. b4 Rf8 38. c5 a6 39. Rd6 Rh8 40. Bf1 Rf8 41. Bc4 Re8 42. a4 Kh6 43. Kd4 Kg7 44. Be1 Nf8 45. b5 axb5 46. axb5 Bd7 47. b6 Ra8 48. Bc3 Re8 49. Ke4 Bc8 50. Bd2 Kh6 51. Be3 Bd7 52. Rd2 Re7 53. Ra2 Nh7 54. Bd4 Kg7 1/2-1/2

[Event "Kezmarok Chess Open 2022"]
[Site "Kezmarok"]
[Date "2022.09.25"]
[Round "2.12"]
[White "Striskova, Lucia"]
[Black "Juracak, David"]
[Result "1/2-1/2"]
[ECO "C42"]
[WhiteElo "1866"]
[BlackElo "1708"]
[Annotator "NA RC COMBH"]
[PlyCount "102"]
[EventDate "2022.09.24"]
[EventType "swiss"]
[EventCountry "SVK"]
[SourceTitle "playchess.com"]
[Source "ChessBase"]
[SourceQuality "1"]
[TimeControl "40/5400+30:1800+30"]

1. e4 e5 2. Nf3 Nf6 3. Nxe5 d6 4. Nf3 Nxe4 5. d4 d5 6. Bd3 Bd6 7. O-O O-O 8. c4 c6 9. Nc3 Nxc3 10. bxc3 h6 11. h3 Nd7 12. Qb3 Nf6 13. Rb1 Rb8 14. Ba3 Nh5 15. Bxd6 Qxd6 16. cxd5 Nf4 17. c4 cxd5 18. c5 Qf6 19. Bc2 Ne2+ 20. Kh1 Nxd4 21. Nxd4 Qxd4 22. Rbd1 Qxc5 23. Rxd5 Qc6 24. Qd3 g6 25. Bb3 Kh7 26. Rd6 Bf5 27. Qd2 Qb5 28. Re1 Rbe8 29. Rd5 Qb6 30. Rxe8 Rxe8 31. Rd6 Qc7 32. f4 Qe7 33. Kh2 Rf8 34. g4 Bc8 35. f5 Qe5+ 36. Kh1 b6 37. fxg6+ fxg6 38. Rd3 Rf1+ 39. Kg2 Re1 40. Bd1 Qe7 41. Bf3 Re5 42. Rd8 Rc5 43. Rd3 Qc7 44. Bd1 Bb7+ 45. Kg1 Bc6 46. Re3 Rd5 47. Qe2 Rd7 48. Bc2 Rg7 49. h4 Kh8 50. Qf2 Qd6 51. Rd3 Qc5 1/2-1/2

[Event "Kezmarok Chess Open 2022"]
[Site "Kezmarok"]
[Date "2022.09.25"]
[Round "2.13"]
[White "Belus, Benjamin"]
[Black "Velychko, Sofiya"]
[Result "1-0"]
[ECO "A20"]
[WhiteElo "1932"]
[BlackElo "1371"]
[Annotator "TA"]
[PlyCount "77"]
[EventDate "2022.09.24"]
[EventType "swiss"]
[EventCountry "SVK"]
[SourceTitle "playchess.com"]
[Source "ChessBase"]
[SourceQuality "1"]
[TimeControl "40/5400+30:1800+30"]

1. c4 e5 2. g3 Nf6 3. Bg2 Nc6 4. Nc3 Bc5 5. e3 O-O 6. Nge2 Re8 7. O-O d6 8. d4 exd4 {[%emt 0:01:03] A25: English Opening vs King's Indian with ...Nc6 but without early d3.} 9. exd4 Bb6 10. Bg5 h6 {[%emt 0:01:25] White is slightly better.} 11. Bxf6 Qxf6 12. Nd5 Qd8 13. b4 {[%emt 0:01:02] [#]} (13. Nxb6 $14 axb6 14. Nc3) 13... a5 $146 (13... Bg4 $15 {keeps the upper hand.} 14. f3 Bf5) ({Predecessor:} 13... Ne7 14. Nxb6 axb6 15. Nc3 c6 16. b5 Bf5 17. Re1 Qd7 18. Qb3 Kf8 19. Na4 Ra5 20. Nxb6 {1-0 (53) Colson,A (2104)-Launiau,S (2118) Issy les Moulineaux 2004}) 14. Nxb6 cxb6 15. b5 Ne7 16. Nf4 Rb8 17. Re1 Bf5 18. Rc1 Qd7 19. a4 Ng6 20. Nd5 Rxe1+ 21. Qxe1 Re8 22. Qd2 Qd8 23. Re1 {[%emt 0:00:02] [#] Strongly threatening Rxe8+.} Ne7 24. Qe3 {[%emt 0:02:58] White is much more active.} (24. Nf4 $16) 24... Kf8 $1 $14 25. Nc3 Qc8 26. Bd5 ({Better is} 26. h3 $14) 26... Bd7 ({Much less strong is} 26... Nxd5 27. Qxe8+ Qxe8 28. Rxe8+ Kxe8 29. Nxd5 $16) (26... Bc2 $11 {keeps the balance.}) 27. Qf4 $36 {[%emt 0:04:50][%csl Gd5,LRd6,LRf7][%cal Rf4f7][%mdl 2048] [#] White is in control.} Nxd5 (27... Nf5 $16 {is a better defense.} 28. Re3 Rxe3 29. fxe3 Be6) 28. Rxe8+ $18 Qxe8 29. Nxd5 $16 {[%emt 0:00:04][%mdl 4096] Endgame KQB-KQN} Qe6 (29... Kg8 $142 30. Nxb6 (30. Qxd6 {is a self mate.} Qe1+ 31. Kg2 Qe4+ 32. f3 Qe2+ 33. Kg1 Bh3 34. Qd8+ Kh7) 30... Bh3) 30. Nxb6 $18 Qe1+ 31. Kg2 Bh3+ (31... Qe6 32. c5 dxc5) 32. Kxh3 Qf1+ 33. Kg4 Qe2+ 34. f3 Qe6+ 35. Qf5 h5+ 36. Kf4 Qh6+ 37. Qg5 {[%emt 0:00:16] White mates.} Qe6 38. Qd8+ Qe8 39. Nd7+ {[%emt 0:00:15] Weighted Error Value: White=0.17 (very precise) /Black=0.60} 1-0

[Event "Kezmarok Chess Open 2022"]
[Site "Kezmarok"]
[Date "2022.09.25"]
[Round "2.14"]
[White "Fizerova, Lucie"]
[Black "Rakovsky, Jakub"]
[Result "1-0"]
[ECO "A22"]
[WhiteElo "1779"]
[BlackElo "2012"]
[Annotator "NA RC"]
[PlyCount "93"]
[EventDate "2022.09.24"]
[EventType "swiss"]
[EventCountry "SVK"]
[SourceTitle "playchess.com"]
[Source "ChessBase"]
[SourceQuality "1"]
[TimeControl "40/5400+30:1800+30"]

1. c4 e5 2. Nc3 Nf6 3. g3 d5 4. cxd5 Nxd5 5. Bg2 Nb6 6. Nf3 Nc6 7. O-O Be7 8. d3 Be6 9. Be3 O-O 10. a4 f5 11. a5 Nd7 12. a6 Rb8 13. Ne1 f4 14. Bd2 Nd4 15. axb7 c6 16. e3 f3 17. exd4 fxg2 18. Nxg2 exd4 19. Ne2 Ne5 20. Nef4 Bd5 21. Nxd5 Qxd5 22. Nf4 Nf3+ 23. Kh1 Rxf4 24. Bxf4 Rxb7 25. Qe2 Kf7 26. Qe4 Qxe4 27. dxe4 Rxb2 28. Rxa7 Re2 29. Rc7 Rxe4 30. Rxc6 d3 31. Rc3 g5 32. Rxd3 Nxh2 33. Kxh2 gxf4 34. gxf4 Rxf4 35. Kg3 Rf6 36. Re1 Rg6+ 37. Kf3 Rf6+ 38. Kg2 Rg6+ 39. Rg3 Bd6 40. Rxg6 hxg6 41. Kf3 Kf6 42. Kg4 g5 43. Rb1 Bf4 44. Rb6+ Ke5 45. Rb5+ Kf6 46. Rf5+ Kg6 47. Rxf4 1-0

[Event "Kezmarok Chess Open 2022"]
[Site "Kezmarok"]
[Date "2022.09.25"]
[Round "2.15"]
[White "Kolek, Stefan"]
[Black "Janik, Marek Tobias"]
[Result "0-1"]
[ECO "B28"]
[WhiteElo "1524"]
[BlackElo "1823"]
[Annotator "NA RC COMBH"]
[PlyCount "66"]
[EventDate "2022.09.24"]
[EventType "swiss"]
[EventCountry "SVK"]
[SourceTitle "playchess.com"]
[Source "ChessBase"]
[SourceQuality "1"]
[TimeControl "40/5400+30:1800+30"]

1. e4 c5 2. Nf3 a6 3. Nc3 b5 4. d4 cxd4 5. Nxd4 Bb7 6. Be2 e6 7. O-O Bc5 8. Bf3 Qc7 9. Nce2 Ne7 10. Bf4 e5 11. Bg3 d6 12. Nb3 Nd7 13. Nc3 O-O 14. Nd5 Bxd5 15. exd5 f5 16. c3 e4 17. Bh5 g6 18. Be2 g5 19. h3 f4 20. Bh2 Nf5 21. Bg4 Ne5 22. Bxf5 Rxf5 23. Nd4 Bxd4 24. Qxd4 Qc4 25. Rad1 Nd3 26. Qxc4 bxc4 27. g3 Rxd5 28. gxf4 gxf4 29. b3 Rb8 30. b4 Kf7 31. Kh1 Nxf2+ 32. Kg2 Rxd1 33. Rxf2 Rg8+ 0-1

[Event "Kezmarok Chess Open 2022"]
[Site "Kezmarok"]
[Date "2022.09.25"]
[Round "2.16"]
[White "Skapikova, Lubica"]
[Black "Kapolkova, Greta"]
[Result "0-1"]
[ECO "B21"]
[WhiteElo "1823"]
[BlackElo "1723"]
[Annotator "NA RC COMBH"]
[PlyCount "110"]
[EventDate "2022.09.24"]
[EventType "swiss"]
[EventCountry "SVK"]
[SourceTitle "playchess.com"]
[Source "ChessBase"]
[SourceQuality "1"]
[TimeControl "40/5400+30:1800+30"]

1. e4 c5 2. f4 Nc6 3. Nf3 e6 4. g3 d5 5. e5 h5 6. Bg2 Be7 7. h4 Nh6 8. Bh3 g6 9. Nc3 b6 10. d3 Bb7 11. d4 a6 12. Ne2 c4 13. c3 b5 14. Qc2 Bc8 15. Be3 a5 16. b3 Rb8 17. bxc4 bxc4 18. Rb1 Bd7 19. Kf2 O-O 20. Rxb8 Qxb8 21. Rb1 Qc7 22. f5 Nxf5 23. Bxf5 exf5 24. Nf4 Be6 25. Bc1 Rb8 26. Ne1 Rxb1 27. Qxb1 Qb8 28. Qxb8+ Nxb8 29. Nc2 Na6 30. Ba3 Bxa3 31. Nxa3 Nc7 32. Nc2 Nb5 33. Ne2 f6 34. exf6 Kf7 35. Kf3 Kxf6 36. Kf4 Bd7 37. Ne3 Bc6 38. Nf1 Nc7 39. Nd2 Ba4 40. Nf3 Bd1 41. Ke3 Nb5 42. Nfg1 Bxe2 43. Nxe2 g5 44. Kf3 Nc7 45. Ng1 Ne6 46. Ne2 a4 47. Ke3 f4+ 48. gxf4 gxh4 49. Kf2 Kf5 50. Kf3 a3 51. Ng1 Nxf4 52. Ke3 Kg4 53. Nf3 h3 54. Nh2+ Kg3 55. Nf1+ Kg2 0-1

[Event "Kezmarok Chess Open 2022"]
[Site "Kezmarok"]
[Date "2022.09.25"]
[Round "2.17"]
[White "Sekova, Olivia"]
[Black "Mazak, Ryan"]
[Result "1/2-1/2"]
[ECO "C47"]
[WhiteElo "1797"]
[BlackElo "1590"]
[Annotator "NA RC COMBH"]
[PlyCount "93"]
[EventDate "2022.09.24"]
[EventType "swiss"]
[EventCountry "SVK"]
[SourceTitle "playchess.com"]
[Source "ChessBase"]
[SourceQuality "1"]
[TimeControl "40/5400+30:1800+30"]

1. e4 e5 2. Nf3 Nf6 3. Nc3 Nc6 4. d4 exd4 5. Nxd4 Bb4 6. Nxc6 bxc6 7. Bd3 d5 8. Bd2 O-O 9. O-O Re8 10. Re1 Ng4 11. h3 Ne5 12. exd5 cxd5 13. Bxh7+ Kxh7 14. Qh5+ Kg8 15. Rxe5 Rxe5 16. Qxe5 Rb8 17. Re1 Be6 18. b3 Qd7 19. Rd1 Bd6 20. Qh5 Re8 21. Be3 c6 22. Rd4 Be7 23. Ra4 a5 24. Ne2 Bd8 25. Nd4 Qd6 26. Nf3 c5 27. Bf4 Qe7 28. Ng5 Bf5 29. Nf3 Bxc2 30. Qxd5 Be4 31. Qd6 Qxd6 32. Bxd6 Bxf3 33. gxf3 Re1+ 34. Kg2 Rc1 35. Rc4 Rxc4 36. bxc4 Bb6 37. f4 f5 38. Kf3 Kf7 39. Be5 g6 40. Ke3 Ke6 41. Kd3 Kd7 42. Bf6 Ke6 43. Be5 Kd7 44. f3 Kc6 45. Ke2 Bd8 46. a4 Bh4 47. Bc3 1/2-1/2

[Event "Kezmarok Chess Open 2022"]
[Site "Kezmarok"]
[Date "2022.09.25"]
[Round "2.18"]
[White "Hanina, Marcel"]
[Black "Vestur, Rastislav"]
[Result "0-1"]
[ECO "A01"]
[WhiteElo "1411"]
[BlackElo "1789"]
[Annotator "NA RC COMBH"]
[PlyCount "84"]
[EventDate "2022.09.24"]
[EventType "swiss"]
[EventCountry "SVK"]
[SourceTitle "playchess.com"]
[Source "ChessBase"]
[SourceQuality "1"]
[TimeControl "40/5400+30:1800+30"]

1. b3 d5 2. Bb2 Bf5 3. Nf3 Nf6 4. e3 e6 5. Be2 Bd6 6. O-O h6 7. d3 Nbd7 8. Nbd2 c6 9. e4 dxe4 10. dxe4 Bxe4 11. Nxe4 Nxe4 12. Bxg7 Rg8 13. Qd4 Bc5 14. Qxe4 Rxg7 15. Rad1 Qc7 16. Rd3 O-O-O 17. Qh4 Rdg8 18. g3 e5 19. Rfd1 f5 20. Rxd7 Rxd7 21. Rxd7 Qxd7 22. Qc4 Qd5 23. Nxe5 Re8 24. Qxd5 cxd5 25. Nd3 Rxe2 26. Nxc5 Rxc2 27. Nd3 Rxa2 28. b4 Ra3 29. Nf4 d4 30. Kf1 Kd7 31. Ke2 Kc6 32. h4 Kb5 33. Nd3 Kc4 34. Ne1 Ra2+ 35. Kf3 d3 36. Ng2 Kxb4 37. Ne3 Ra5 38. g4 fxg4+ 39. Kxg4 Kc3 40. Nd1+ Kd2 41. Ne3 Ke2 42. Kg3 d2 0-1

[Event "Kezmarok Chess Open 2022"]
[Site "Kezmarok"]
[Date "2022.09.25"]
[Round "3.1"]
[White "Bazakutsa, Svyatoslav"]
[Black "Berezjuk, Sergej"]
[Result "0-1"]
[ECO "A20"]
[WhiteElo "2182"]
[BlackElo "2382"]
[Annotator "TA"]
[PlyCount "122"]
[EventDate "2022.09.24"]
[EventType "swiss"]
[EventCountry "SVK"]
[SourceTitle "playchess.com"]
[Source "ChessBase"]
[SourceQuality "1"]
[TimeControl "40/5400+30:1800+30"]

1. c4 e5 2. g3 c6 3. Nf3 e4 4. Nd4 d5 5. cxd5 Qxd5 6. Nc2 {[%emt 0:00:08] A20: English Opening: 1...e5.} Nf6 7. Nc3 Qe5 8. Bg2 {[%emt 0:00:17] The position is equal.} Na6 9. O-O Be7 10. d4 exd3 $1 11. Qxd3 Qh5 12. e4 {[%emt 0:15:35] Against Bf5} O-O 13. f3 {[%emt 0:07:12] [#]} Rd8 $146 ({Predecessor:} 13... Be6 14. Be3 Rfd8 15. Qe2 Bc5 16. Rad1 Bxe3+ 17. Qxe3 Qe5 18. Nd4 Bc4 19. Rfe1 Nb4 {1-0 (27) Bazakutsa,S (2018)-Lavrencic,M (1521) Tornelo INT 2020}) 14. Qe2 Nb4 $132 {[%emt 0:00:39][%mdl 2048] Black is not keeping still} 15. Be3 Nxc2 16. Qxc2 Bc5 17. Qf2 Bxe3 18. Qxe3 Be6 19. Rfd1 Qa5 20. h3 Qb6 21. Qxb6 axb6 22. f4 g6 23. b3 h5 {[%emt 0:19:31] Inhibits g4.} 24. f5 (24. Rxd8+ $11 Rxd8 25. Rd1) 24... Rxd1+ $1 $17 ({Much weaker is} 24... gxf5 25. Rxd8+ Rxd8 26. exf5 $11) 25. Rxd1 gxf5 26. exf5 Bxf5 27. Rf1 Ra5 28. b4 Re5 29. Rf4 Kg7 30. Kf2 b5 31. a4 bxa4 32. Nxa4 Be4 {[%emt 0:04:13] And now ...Bxg2 would win.} 33. Nc5 Bxg2 34. Kxg2 {[%emt 0:00:02][%mdl 4096] Endgame KRN-KRN} Nd5 35. Rd4 b5 $1 {[%emt 0:02:30][%cal Od5b4] White must now prevent ...Nxb4!} 36. Nd3 Re2+ 37. Kf1 Rh2 ({Black should play} 37... Rc2 $19 {Strongly threatening ...Rc4.} 38. Nf4 Nxf4 39. gxf4 Kf6 40. Rd6+ Kf5) 38. Nf2 $1 $15 Ne3+ $1 39. Ke2 Nf5 40. Rd3 Rg2 {[%emt 0:00:55] Black is more active.} 41. g4 hxg4 42. hxg4 Ne7 43. Kf3 Rg1 44. Rd7 Nd5 45. Nd3 {[%emt 0:00:00] Against Re1} Rf1+ 46. Kg3 {[%emt 0:00:00] White is now going downhill.} Rf6 47. g5 (47. Ne5 $17 {was necessary.}) 47... Re6 $19 {[%emt 0:00:00] ...Re3+ is the strong threat.} 48. Nc5 (48. Kf2 $142) 48... Re5 49. Kg4 Nxb4 50. Nb7 {[%emt 0:00:00] [#]} Nd5 $1 51. Nd8 {[%emt 0:00:00] [#]} Ne7 52. Kf4 (52. g6 {keeps fighting.} Kxg6 53. Rd6+ Kg7 54. Kf4) 52... Ng6+ 53. Kg4 Re7 54. Rd6 c5 55. Rb6 b4 56. Nb7 (56. Kg3 $142) 56... Ne5+ 57. Kh5 (57. Kg3 $142 Nd7 58. Rb5) 57... Nd7 58. Rb5 Re5 59. Nd8 Re8 60. Nc6 Ne5 61. Rxc5 Rh8# {[%emt 0:00:10] Weighted Error Value: White=0.42/Black=0.20 (precise)} 0-1

[Event "Kezmarok Chess Open 2022"]
[Site "Kezmarok"]
[Date "2022.09.25"]
[Round "3.2"]
[White "Manik, Mikulas"]
[Black "Dubessay, Bastien"]
[Result "0-1"]
[ECO "C18"]
[WhiteElo "2362"]
[BlackElo "2259"]
[Annotator "TA"]
[PlyCount "50"]
[EventDate "2022.09.24"]
[EventType "swiss"]
[EventCountry "SVK"]
[SourceTitle "playchess.com"]
[Source "ChessBase"]
[SourceQuality "1"]
[TimeControl "40/5400+30:1800+30"]

1. e4 e6 2. d4 d5 3. Nc3 Bb4 4. e5 c5 5. a3 Bxc3+ 6. bxc3 Ne7 7. Qg4 Qc7 8. Bd3 cxd4 9. Ne2 dxc3 10. Qxg7 Rg8 11. Qxh7 Nbc6 12. Bf4 Bd7 13. O-O O-O-O 14. Qxf7 {[%emt 0:05:24] C18: French: 3 Nc3 Bb4: Main line: 7 h4 and 7 Qg4.} Rdf8 15. Qh5 Rh8 16. Qf3 {[%emt 0:01:34] White is better.} ({Much worse is} 16. Qg5 Rfg8 17. Qf6 Rf8 $11) 16... Be8 17. Qg4 {[%emt 0:00:46] [#]} ({Don't go for} 17. Nxc3 $2 Nxe5 18. Bxe5 Qxe5 $19) 17... Qd7 $146 ({Predecessor:} 17... Nf5 18. Bxf5 Rxf5 19. Ng3 Nxe5 20. Bxe5 Rxe5 21. Rae1 Bb5 22. Qd4 Reh5 23. Nxh5 Rxh5 24. h3 Bxf1 25. Kxf1 Qh2 26. Rxe6 {1-0 (26) Ponce,H (2280)-Pupo,E (2395) Holguin 1992}) 18. Bg3 Bh5 {[%emt 0:04:20] [#]} 19. Qa4 Bxe2 20. Bxe2 Nf5 21. Bd3 (21. Bg4 $14) 21... Nfd4 (21... Nxg3 $11 {keeps the balance.} 22. fxg3 Rxf1+ 23. Rxf1 Qc7) 22. Rab1 $16 Rfg8 23. Bb5 $2 (23. h3 $16) 23... Qh7 $19 24. h3 {[%emt 0:02:36] [#]} (24. f3 Rxg3 25. hxg3 Qh2+ 26. Kf2) 24... Nf3+ $1 {[%emt 0:08:59][%mdl 512] Pair of Knights!} 25. Kh1 Qf5 {[%emt 0:00:14] Weighted Error Value: White=0.79/Black=0.10 (very precise)} 0-1

[Event "Kezmarok Chess Open 2022"]
[Site "Kezmarok"]
[Date "2022.09.25"]
[Round "3.3"]
[White "Hagarova, Zuzana"]
[Black "Demeter, Peter"]
[Result "1/2-1/2"]
[ECO "B07"]
[WhiteElo "2287"]
[BlackElo "2067"]
[Annotator "TA"]
[PlyCount "46"]
[EventDate "2022.09.24"]
[EventType "swiss"]
[EventCountry "SVK"]
[SourceTitle "playchess.com"]
[Source "ChessBase"]
[SourceQuality "1"]
[TimeControl "40/5400+30:1800+30"]

1. e4 d6 2. d4 Nf6 3. Nc3 g6 4. Bg5 Bg7 5. Qd2 O-O 6. f3 c6 7. O-O-O b5 8. Kb1 b4 9. Nce2 Qa5 10. Bh6 e5 {[%emt 0:05:00] B07: Pirc Defence: Miscellaneous Systems.} (10... c5 $14) 11. h4 $1 $16 c5 {[%emt 0:13:46] [#]} ({Weaker is} 11... Be6 12. Nc1 $14) (11... Bxh6 $16 12. Qxh6 Be6) 12. d5 $146 (12. h5 $18) ({Predecessor:} 12. Bxg7 Kxg7 13. dxe5 dxe5 14. h5 Be6 15. Nc1 Nc6 16. hxg6 fxg6 17. Qh6+ Kg8 18. Rd6 Nd4 19. Nh3 Bxh3 20. Rxh3 Qc7 21. Bc4+ Kh8 22. Qxg6 {1-0 (22) Moskalenko,A (2475)-Liu,C (2378) Moscow 2016}) 12... c4 $14 13. c3 (13. Bxg7 $14 {keeps the upper hand.} Kxg7 14. h5) 13... bxc3 ({Don't play} 13... b3 14. a3 $16) ({Black should try} 13... Bxh6 $17 14. Qxh6 Nbd7 15. cxb4 Qxb4) 14. Nxc3 Ba6 15. h5 {[%emt 0:00:52] Threatens to win with g4.} Nbd7 16. Nge2 {[%emt 0:03:09] Black must now prevent Bxg7.} Rab8 17. g4 Rb7 {[%emt 0:15:17] ...Rfb8 is the strong threat.} 18. Bxg7 $2 {[%emt 0:01:37] [#]} (18. Rc1 $1 $11) 18... Kxg7 $2 (18... Rfb8 $1 $19 {Strongly threatening ...Qa3.} 19. Rc1 (19. b3 $2 cxb3 20. a4 Kxg7 $19) 19... Rxb2+ 20. Qxb2 Rxb2+ 21. Kxb2 Kxg7) 19. Rc1 Rfb8 20. Rc2 Kg8 (20... Nc5 $5 ) 21. Nc1 (21. Nd1 $5 Qxd2 22. Rxd2 $11) 21... Nf8 (21... Ne8 $11) 22. Rh2 (22. Nd1 $16 Rb4 {[#]} 23. Bxc4 $1) 22... N6d7 $11 23. Qe3 Nc5 {[%emt 0:03:29] Weighted Error Value: White=0.46/Black=0.63} 1/2-1/2